AoeStats
← KaLong

Nomad

507930822Analyzed
4v4 RM · 13d ago on Sep 20, 2026· 38m 51s· 8 players
Game mode
Random Map
Map size
231×231
Population
200
Speed
Normal
Resources
Standard
Victory
Conquest
Starting age
Dark Age
Ending age
Imperial Age
RankedLock teamsTeams togetherTeam positionsShared explorationLock speedFull tech treeHidden civsTurbo modeCheats
Victory
Defeat
🇨🇳 Mongols · China
1537
+13
🇹🇼 Italians · Taiwan
1527
+14
🇹🇼 Huns · Taiwan
1507
+14
🇻🇳 Persians · Vietnam
1457
+17
🇺🇸 Italians · United States
1516
-16
🇨🇳 Saracens · China
1470
-14
🇺🇸 Koreans · United States
1453
-14
🇮🇳 Wu · India
1452
-14
KaLong
3:41 Loom
16:00 Feudal Age
21:49 Castle Age
23:22 Medium Warships
28:01 Double-Bit Axe
28:55 Bow Saw
32:58 Horse Collar
34:29 Wheelbarrow
36:35 Hand Cart
37:33 Heavy Plow
37:51 Fletching
BomBomB0
7:19 Loom
13:44 Feudal Age
17:23 Castle Age
15:22 Double-Bit Axe
18:18 Bow Saw
17:49 Fishing Lines
18:02 Stone Mining
20:29 Fletching
21:24 Bodkin Arrow
21:32 Padded Archer Armor
21:43 Gillnets
22:47 Town Watch
23:11 Demolition Ship
25:13 Ballistics
31:13 Masonry
30:44 Treadmill Crane
33:53 Wheelbarrow
36:45 Imperial Age
33:40 Elite Skirmisher
Nomore
5:08 Loom
15:12 Feudal Age
15:34 Fishing Lines
16:36 Double-Bit Axe
16:44 Gold Mining
17:14 Town Watch
18:05 Wheelbarrow
20:04 Stone Mining
22:34 Castle Age
22:30 Bloodlines
22:27 Scale Barding Armor
22:33 Forging
23:56 Gillnets
24:26 Medium Warships
24:32 Bow Saw
25:08 Husbandry
26:30 Horse Collar
28:15 Heavy Plow
28:52 Chain Barding Armor
30:13 Hand Cart
30:44 Iron Casting
32:30 Fletching
34:11 Bodkin Arrow
37:48 Imperial Age
39:43 Gold Shaft Mining
Wolfsbane
3:42 Loom
13:14 Feudal Age
13:16 Man-at-Arms
18:13 Castle Age
16:42 Scale Mail Armor
18:06 Forging
18:11 Arson
20:34 Horse Collar
21:54 Squires
37:07 Double-Bit Axe
37:46 Pikeman
shogun
3:23 Loom
17:54 Feudal Age
18:54 Double-Bit Axe
19:08 Fletching
20:29 Padded Archer Armor
21:57 Wheelbarrow
26:22 Castle Age
24:42 Horse Collar
25:46 Fishing Lines
27:04 Medium Warships
27:06 Bodkin Arrow
27:43 Leather Archer Armor
27:53 Bow Saw
34:09 Stone Mining
34:10 Gold Mining
35:06 Bloodlines
35:16 Gillnets
39:03 Hand Cart
39:39 Gold Shaft Mining
39:39 Stone Shaft Mining
weber
4:47 Loom
14:18 Feudal Age
16:57 Forging
19:29 Castle Age
19:17 Double-Bit Axe
24:02 Fletching
25:43 Bodkin Arrow
26:06 Bloodlines
25:57 Husbandry
26:58 Horse Collar
31:07 Town Watch
32:12 Heavy Plow
35:08 Wheelbarrow
36:22 Hand Cart
Bz_
13:15 Feudal Age
13:42 Loom
13:43 Town Watch
17:15 Castle Age
15:26 Double-Bit Axe
16:04 Fishing Lines
18:16 Bow Saw
18:23 Medium Warships
21:59 Gold Mining
22:01 Stone Mining
24:18 Wheelbarrow
23:31 Horse Collar
25:38 Hand Cart
28:19 Heavy Plow
28:34 Gillnets
32:36 Imperial Age
30:17 Fletching
31:38 Bodkin Arrow
32:44 Padded Archer Armor
33:06 Bloodlines
32:56 Husbandry
33:40 Conscription
33:41 Bracer
35:00 Chemistry
34:20 Ballistics
35:45 Leather Archer Armor
35:57 Elite Mangudai
37:44 Parthian Tactics
37:56 Thumb Ring
37:56 Capped Ram
yclin124
4:53 Loom
13:08 Feudal Age
16:52 Castle Age
15:39 Fletching
17:47 Bodkin Arrow
18:18 Double-Bit Axe
19:36 Bow Saw
20:31 Crossbowman
21:39 Gold Mining
23:19 Padded Archer Armor
26:45 Ballistics
26:18 Fishing Lines
29:40 Gillnets
35:29 Imperial Age
34:20 Thumb Ring
33:59 Treadmill Crane
35:23 Wheelbarrow
34:33 Town Watch
35:47 Horse Collar
35:59 Stone Mining
36:37 Bracer
38:21 Chemistry
37:19 Arbalester
38:59 Leather Archer Armor
39:10 Heavy Plow
39:42 Conscription
Connection lost

Rejoining the realm…

Still unreachable

The connection could not be restored.

Session expired

The server has moved on; the page needs a fresh start.